AoeStats
← Zumoshi

Arabia

507443962Analyzed
1v1 RM · 15d ago on Sep 18, 2026· 63m 3s· 2 players
Game mode
Random Map
Map size
Tiny (2 player)
Population
200
Speed
Normal
Resources
Standard
Victory
Conquest
Starting age
Dark Age
Ending age
Imperial Age
RankedLock teamsTeams togetherTeam positionsShared explorationLock speedFull tech treeHidden civsTurbo modeCheats
Victory
Defeat
🇮🇳 Dravidians · India
1096
+16
🇮🇱 Khitans · Israel
1098
-16
suryav1895
7:17 Loom
9:28 Feudal Age
10:22 Man-at-Arms
12:16 Double-Bit Axe
16:53 Horse Collar
18:23 Wheelbarrow
18:29 Fletching
21:28 Castle Age
21:33 Town Watch
21:56 Scale Mail Armor
22:08 Forging
21:48 Arson
21:32 Long Swordsman
21:57 Gambesons
22:13 Squires
23:11 Pikeman
25:29 Chain Mail Armor
36:38 Iron Casting
37:09 Bow Saw
40:43 Imperial Age
39:29 Fletching
39:40 Padded Archer Armor
39:58 Medical Corps
40:28 Thumb Ring
41:10 Bodkin Arrow
41:31 Leather Archer Armor
44:06 Gold Mining
44:20 Stone Mining
45:20 Conscription
46:00 Wootz Steel
47:11 Plate Mail Armor
47:34 Elite Elephant Archer
50:31 Guilds
50:42 Ballistics
52:07 Blast Furnace
52:58 Bracer
53:29 Ring Archer Armor
54:03 Chemistry
53:14 Masonry
54:04 Elite Urumi Swordsman
56:19 Elite Skirmisher
62:57 Hoardings
62:21 Murder Holes
62:11 Arrowslits
Zumoshi
7:16 Loom
9:34 Feudal Age
10:17 Double-Bit Axe
10:36 Man-at-Arms
12:22 Forging
17:39 Fletching
22:39 Castle Age
21:04 Domestication
21:44 Scale Barding Armor
23:44 Chain Barding Armor
24:34 Iron Casting
24:07 Husbandry
24:51 Bow Saw
25:32 Iron Casting
30:02 Elite Skirmisher
31:22 Bodkin Arrow
34:45 Scale Mail Armor
36:10 Wheelbarrow
35:52 Gold Mining
37:12 Chain Mail Armor
37:20 Pastoralism
37:31 Padded Archer Armor
37:46 Thumb Ring
43:28 Lamellar Armor
43:50 Hand Cart
44:20 Ballistics
44:30 Murder Holes
44:25 Town Watch
48:54 Imperial Age
48:22 Leather Archer Armor
49:13 Elite Liao Dao
50:56 Chemistry
49:58 Bracer
50:29 Plate Mail Armor
50:30 Ring Archer Armor
50:55 Transhumance
52:02 Conscription
57:33 Siege Engineers
58:51 Plate Barding Armor
57:39 Light Cavalry
58:43 Hussar
59:51 Ordo Cavalry
Connection lost

Rejoining the realm…

Still unreachable

The connection could not be restored.

Session expired

The server has moved on; the page needs a fresh start.